 Dungeon Crawl Stone Soup version 0.21.1-1-g345015f (webtiles) character file.

318 wilfster70 the Chopper (level 6, -1/56 HPs)
             Began as a Hill Orc Monk on July 9, 2018.
             Was a Priest of Nemelex Xobeh.
             Killed from afar by an orc wizard (7 damage)
             ... with a magic dart
             ... on level 4 of the Dungeon on July 12, 2018.
             The game lasted 00:13:14 (3116 turns).

wilfster70 the Chopper (Hill Orc Monk)              Turns: 3116, Time: 00:13:14

Health: -1/56      AC: 11    Str: 16    XL:     6   Next: 45%
Magic:  18/18      EV:  8    Int: 10    God:    Nemelex Xobeh [***...]
Gold:   123        SH:  0    Dex: 13    Spells: 5/5 levels left

rFire    . . .     SeeInvis .   a - +0 war axe
rCold    . . .     Gourm    .   (no shield)
rNeg     . . .     Faith    .   m - +0 chain mail
rPois    .         Spirit   .   s - +2 helmet
rElec    .         Reflect  .   (no cloak)
rCorr    .         Harm     .   (no gloves)
MR       .....                  (no boots)
Stlth    ..........             (no amulet)
HPRegen  0.18/turn              l - ring of magical power
MPRegen  0.16/turn              p - +1 ring of evasion

@: no status effects
A: no striking features
a: Triple Draw, Renounce Religion


You were on level 4 of the Dungeon.
You worshipped Nemelex Xobeh.
Nemelex Xobeh was most pleased with you.
You were hungry.

You visited 1 branch of the dungeon, and saw 4 of its levels.

You collected 123 gold pieces.

Inventory:

Hand Weapons
 a - a +0 war axe (weapon)
 b - a +0 mace
 w - a +1 falchion of holy wrath
 x - a +0 hand axe
Missiles
 o - 4 tomahawks
 v - 5 poisoned tomahawks (quivered)
Armour
 m - a +0 chain mail (worn)
 s - a +2 helmet (worn)
Jewellery
 l - a ring of magical power (left hand)
 p - a +1 ring of evasion (right hand)
Scrolls
 e - a scroll of teleportation
 f - a scroll of magic mapping
 g - a scroll of remove curse
Potions
 d - 3 potions of heal wounds
 q - 2 potions of mutation
 r - a potion of brilliance {unknown}
 u - a potion of curing {unknown}
Miscellaneous
 h - a plain deck of destruction
 i - a plain deck of escape
 j - a plain deck of summoning {drawn: 1}
 n - an ornate deck of summoning
 t - a plain deck of escape
Comestibles
 c - 4 rations
 k - 8 chunks of flesh


   Skills:
 + Level 5.4 Fighting
 + Level 6.0 Axes
 - Level 2.4 Dodging
 - Level 1.5 Stealth
 * Level 5.1 Invocations


You had 5 spell levels left.
You didn't know any spells.

Dungeon Overview and Level Annotations

Branches:
Dungeon (4/15)
 Temple: D:4-7

Altars:
Dithmenos
Nemelex Xobeh

Annotations:
D:2 Sigmund


Message History

A magic dart appears from out of thin air!
The magic dart hits you!
* * * LOW HITPOINT WARNING * * *
You hit something. You miss something.
Something hits you but does no damage. x2
You closely miss something. Something hits you.
* * * LOW HITPOINT WARNING * * *
Something hits you but does no damage.
You hit something.
You hear some strange, mumbled words.
A magic dart appears from out of thin air!
The magic dart hits you!
* * * LOW HITPOINT WARNING * * *
You closely miss something.
An orc wizard appears from thin air!
Reactivating autopickup.
The orc wizard looks encouraged for a moment.
The orc wizard points at you and mumbles some strange words.
The magic dart hits you!
You die...
Your body disappears without a glow.

########### ###### #
........<)###....#.###..
#.......)..@............
#.###.#.#.#o#.#.#..###.#
# #.#.#.#.#.#..#
#.#.#.#.#o#..#
#.#.#.#.#.....
#.#.#.#.#.#..#.
..........#..#.#
##...##.#....# #


You could see an orc wizard.

Vanquished Creatures
  An orc priest (D:4)
  A bullfrog skeleton (D:3)
  A hound (D:3)
  Jessica (D:2)
  Robin (D:2)
  5 adders
  3 oozes
  A worm (D:3)
  3 dart slugs
  2 leopard geckos
  9 orcs
  2 ball pythons (D:2)
  7 giant cockroaches
  20 goblins
  6 hobgoblins
  3 jackals (D:2)
  7 kobolds
  11 bats
  5 frilled lizards
  11 rats
100 creatures vanquished.

Vanquished Creatures (collateral kills)
  An iguana (D:3)
  A rat (D:3)
2 creatures vanquished.

Grand Total: 102 creatures vanquished

Notes
Turn   | Place    | Note
-------+----------+-------------------------------------------
     0 | D:1      | wilfster70 the Hill Orc Monk began the quest for the Orb.
     0 | D:1      | Reached XP level 1. HP: 19/19 MP: 1/1
   134 | D:1      | Reached XP level 2. HP: 27/27 MP: 2/2
   448 | D:1      | Found a sparkling altar of Nemelex Xobeh.
   452 | D:1      | Became a worshipper of Nemelex Xobeh the Trickster
   452 | D:1      | Received a gift from Nemelex Xobeh
   452 | D:1      | Reached * piety under Nemelex Xobeh
   452 | D:1      | Received a gift from Nemelex Xobeh
   452 | D:1      | Received a gift from Nemelex Xobeh
   452 | D:1      | Reached ** piety under Nemelex Xobeh
   505 | D:1      | Reached XP level 3. HP: 32/34 MP: 3/3
   590 | D:1      | Reached skill level 1 in Invocations
  1202 | D:2      | Noticed Jessica
  1205 | D:2      | Noticed Sigmund
  1216 | D:2      | Killed Jessica
  1216 | D:2      | Reached skill level 5 in Axes
  1216 | D:2      | Reached XP level 4. HP: 30/41 MP: 5/5
  1575 | D:2      | Found a shadowy altar of Dithmenos.
  1775 | D:2      | Noticed Robin
  1788 | D:2      | Killed Robin
  1899 | D:2      | Received a gift from Nemelex Xobeh
  2111 | D:2      | Reached XP level 5. HP: 47/47 MP: 7/7
  2438 | D:3      | Found a faded altar of an unknown god.
  2496 | D:3      | Reached skill level 5 in Fighting
  2828 | D:3      | Reached XP level 6. HP: 56/56 MP: 9/9
  2895 | D:3      | Received a gift from Nemelex Xobeh
  3017 | D:3      | Reached *** piety under Nemelex Xobeh
  3085 | D:4      | Reached skill level 6 in Axes
  3085 | D:4      | Reached skill level 5 in Invocations
  3116 | D:4      | Killed from afar by an orc wizard

Skill      XL: |  1  2  3  4  5  6 |
---------------+-------------------+-----
Fighting       | 4 5 |  5.4
Invocations    | 2 3 4 5 |  5.1
Axes           | 5 6 |  6.0
Dodging        | |  2.4
Stealth        | |  1.5

Action                   |  1- 3 |  4- 6 || total
-------------------------+-------+-------++-------
Melee: Hand axe          |   122 |   206 ||   328
       War axe           |       |    81 ||    81
Evoke: Deck              |       |     1 ||     1
  Use: Scroll            |       |     9 ||     9
  Eat: Chunk             |     1 |     6 ||     7
Armor: Robe              |     8 |       ||     8
       Ring mail         |    42 |     4 ||    46
       Chain mail        |       |   191 ||   191
Dodge: Dodged            |    84 |   129 ||   213
